 Dungeon Sprint DCSS version 0.20.1-1-g8b1a95d (webtiles) character file.

4100000 potatolord6000 the Conqueror (level 23, -22/240 HPs)
             Began as a Minotaur Gladiator on Sept 11, 2017.
             Was a High Priest of Makhleb.
             Annihilated by a meat berserker
             ... wielding a +9 battleaxe
              (51 damage)
             ... in the Dungeon (Sprint VIII: "Arena of Blood").
             The game lasted 00:02:45 (41 turns).

potatolord6000 the Conqueror (Minotaur Gladiator)     Turns: 41, Time: 00:02:45

Health: -22/240    AC:  6    Str: 28    XL:     23   Next: 95%
Magic:  19/53      EV: 29    Int:  5    God:    Makhleb [*****.]
Gold:   0          SH:  0    Dex: 13    Spells: 76/76 levels left

rFire    . . .     SeeInvis .   l - +∞ Axe of Woe
rCold    . . .     Gourm    .   (shield currently unavailable)
rNeg     . . .     Faith    .   b - +0 leather armour
rPois    .         Spirit   .   c - +0 hat
rElec    .         Reflect  .   (no cloak)
rCorr    .         Harm     .   (no gloves)
MR       +....     NoTele   +   (no boots)
Stlth    +++++++++.             (no amulet)
Regen    0.5/turn               a - +30 ring of slaying
MPRegen  0.4/turn               d - +30 ring of slaying

@: no status effects
A: retaliatory headbutt, horns 2
a: Minor Destruction, Lesser Servant of Makhleb, Major Destruction, Greater
Servant of Makhleb, Renounce Religion


You were in the Dungeon.
You worshipped Makhleb.
Makhleb was extremely pleased with you.
You were not hungry.

You visited 1 branch

Inventory:

Hand Weapons
 l - the +∞ Axe of Woe (weapon)
   (You found it in the Dungeon)
Armour
 b - a +0 leather armour (worn)
 c - a +0 hat (worn)
Jewellery
 a - a +30 ring of slaying (left hand)
 d - a +30 ring of slaying (right hand)
Scrolls
 k - a scroll of blinking
Potions
 e - a potion of curing
 g - a potion of heal wounds
 h - a potion of haste
 i - 2 potions of magic
 j - a potion of berserk rage
Comestibles
 f - a bread ration


   Skills:
 O Level 27 Fighting
 O Level 27 Axes
 O Level 27 Throwing
 O Level 27 Armour
 O Level 27 Dodging
 O Level 27 Stealth
 O Level 27 Unarmed Combat
 O Level 27 Spellcasting
 O Level 27 Invocations


You had 76 spell levels left.
You didn't know any spells.

Dungeon Overview and Level Annotations

Branches:
Dungeon (1/1)

Altars:
Makhleb


Innate Abilities, Weirdness & Mutations

You reflexively headbutt those who attack you in melee.
You have a pair of horns on your head.


Message History

Unknown command.
A demon appears!
You are engulfed in blazing flames.
You hear a shout!
The meat berserker hits you with a +9 battleaxe!!!
* * * LOW HITPOINT WARNING * * *
The meat berserker hits your blizzard demon with a +9 battleaxe!!
The meat berserker hits your blizzard demon with a +9 battleaxe!!!
Your blizzard demon dies!
The meat berserker hits your blizzard demon with a +9 battleaxe!!!
The meat berserker hits your green death with a +9 battleaxe!!!
You hear a shout! x4
The destroyer blinks!
You hear a shout! x4
Your blizzard demon hits the meat berserker!
Your blizzard demon closely misses the meat berserker.
The meat berserker hits your blizzard demon with a +9 battleaxe!!
The meat berserker hits your green death with a +9 battleaxe!
You hear a shout!
The meat berserker hits you with a +9 battleaxe!!!
You die...

..... .. #...
.# . #... V%#
..###... ..###.
......###......
.....2O2....
#z))V.# #_§@O_#
#.§)§.#
...1V§§..o..
......###....oO
..###... ..###o
. #... ..# #§..
.# ..... ..


You could see 3 destroyers, a sculptor of flesh, 3 meat berserkers, 3 bags of
meat, a friendly green death, a friendly Executioner and a friendly blizzard
demon.

Vanquished Creatures
  3 vampire knights (D)
  A two-headed ogre (D)
  18 orcs (D)
  12 ogres (D)
34 creatures vanquished.

Notes
Turn   | Place    | Note
-------+----------+-------------------------------------------
     0 | D        | potatolord6000 the Minotaur Gladiator began the quest for the Orb.
     0 | D        | Reached XP level 1. HP: 18/18 MP: 0/0
     3 | D        | Noticed a meat berserker
     3 | D        | Became a worshipper of Makhleb the Destroyer
     6 | D        | Noticed a bag of meat
     6 | D        | Noticed a bag of meat
     7 | D        | Noticed a bag of meat
     8 | D        | Noticed a bag of meat
     8 | D        | Killed a meat berserker
     8 | D        | Reached XP level 2. HP: 55/55 MP: 1/1
     8 | D        | Reached XP level 3. HP: 62/62 MP: 2/2
     8 | D        | Reached XP level 4. HP: 70/70 MP: 3/3
     8 | D        | Reached XP level 5. HP: 77/77 MP: 4/4
     8 | D        | Reached XP level 6. HP: 85/85 MP: 5/5
     8 | D        | Reached XP level 7. HP: 92/92 MP: 6/6
     8 | D        | Reached XP level 8. HP: 101/101 MP: 7/7
     8 | D        | Reached XP level 9. HP: 107/107 MP: 8/8
     8 | D        | Reached XP level 10. HP: 115/115 MP: 9/9
     8 | D        | Reached XP level 11. HP: 123/123 MP: 10/10
     8 | D        | Reached XP level 12. HP: 130/130 MP: 11/11
     8 | D        | Reached XP level 13. HP: 138/138 MP: 12/12
     9 | D        | Noticed a bag of meat
     9 | D        | Killed a bag of meat
     9 | D        | Reached * piety under Makhleb
    11 | D        | Noticed a bag of meat
    11 | D        | Noticed a bag of meat
    11 | D        | Killed a bag of meat
    11 | D        | Reached XP level 14. HP: 154/154 MP: 13/13
    12 | D        | Killed a bag of meat
    12 | D        | Killed a bag of meat
    12 | D        | Reached ** piety under Makhleb
    12 | D        | Reached XP level 15. HP: 167/167 MP: 14/14
    16 | D        | Reached *** piety under Makhleb
    16 | D        | Reached XP level 16. HP: 182/182 MP: 14/23
    17 | D        | Noticed a meat berserker
    18 | D        | Noticed a meat berserker
    21 | D        | Noticed a meat berserker
    21 | D        | Noticed a meat berserker
    22 | D        | Noticed a meat berserker
    24 | D        | Noticed a meat berserker
    24 | D        | Noticed a large bag of meat
    24 | D        | Killed a meat berserker
    24 | D        | Reached skill level 27 in Fighting
    24 | D        | Reached skill level 27 in Axes
    24 | D        | Reached skill level 27 in Armour
    24 | D        | Reached skill level 27 in Dodging
    25 | D        | Killed a meat berserker
    25 | D        | Reached XP level 17. HP: 191/191 MP: 15/31
    25 | D        | Killed a meat berserker
    25 | D        | Reached skill level 27 in Invocations
    26 | D        | Noticed a destroyer
    26 | D        | Noticed a meat berserker
    26 | D        | Killed a meat berserker
    26 | D        | Reached **** piety under Makhleb
    26 | D        | Reached XP level 18. HP: 200/200 MP: 15/34
    27 | D        | Noticed a destroyer
    28 | D        | Noticed a meat berserker
    29 | D        | Noticed a meat berserker
    29 | D        | Noticed a meat berserker
    29 | D        | Killed a meat berserker
    29 | D        | Reached skill level 15 in Throwing
    29 | D        | Reached skill level 15 in Stealth
    29 | D        | Reached XP level 19. HP: 207/207 MP: 16/35
    29 | D        | Killed a destroyer
    29 | D        | Reached ***** piety under Makhleb
    29 | D        | Reached skill level 15 in Spellcasting
    30 | D        | Reached XP level 20. HP: 216/216 MP: 16/39
    31 | D        | Killed a meat berserker
    31 | D        | Killed a meat berserker
    31 | D        | Reached skill level 27 in Unarmed Combat
    32 | D        | Noticed a meat berserker
    32 | D        | Killed a meat berserker
    32 | D        | Reached ****** piety under Makhleb
    32 | D        | Reached skill level 27 in Throwing
    32 | D        | Reached XP level 21. HP: 224/224 MP: 17/45
    33 | D        | Reached skill level 27 in Stealth
    35 | D        | Reached skill level 27 in Spellcasting
    35 | D        | Reached XP level 22. HP: 184/233 MP: 17/52
    37 | D        | Noticed a destroyer
    37 | D        | Killed a large bag of meat
    37 | D        | Reached XP level 23. HP: 178/240 MP: 18/53
    37 | D        | Killed a destroyer
    38 | D        | Noticed a destroyer
    38 | D        | Killed a destroyer
    39 | D        | Noticed a destroyer
    40 | D        | Noticed a destroyer
    40 | D        | Noticed a destroyer
    41 | D        | Annihilated by a meat berserker

Skill      XL: |  1  2  3  4  5  6  7  8  9 10 11 12 13 14 15 16 17 18 19 20 21 |
---------------+----------------------------------------------------------------+-----
Fighting       | 19 22 24 26 27 | 27.0
Axes           | 19 22 24 26 27 | 27.0
Armour         | 19 22 24 26 27 | 27.0
Dodging        | 18 20 22 24 27 | 27.0
Invocations    | 11 23 27 | 27.0
Throwing       | 12 17 22 27 | 27.0
Stealth        | 11 15 20 26 27 | 27.0
Unarmed Combat | 13 18 23 27 | 27.0
Spellcasting   | 9 12 16 21 27 | 27.0

Action                   |  1- 3 |  4- 6 |  7- 9 | 10-12 | 13-15 | 16-18 | 19-21 | 22-24 || total
-------------------------+-------+-------+-------+-------+-------+-------+-------+-------++-------
Melee: Executioner's axe |     1 |       |       |       |     6 |     4 |     5 |     2 ||    18
Invok: Greater Servant o |       |       |       |       |       |       |     1 |     4 ||     5
Dodge: Dodged            |     1 |       |       |       |       |       |     1 |       ||     2
